 Dungeon Crawl Stone Soup version 0.17.2-1-ge4368a0 (webtiles) character file.

179 Charly the Insei (level 5, 0/26 HPs)
             Began as a Vine Stalker Warper on July 9, 2017.
             Killed by divine providence
             ... invoked by an orc priest
              (4 damage)
             ... on level 5 of the Dungeon.
             The game lasted 00:06:20 (491 turns).

Charly the Insei (Vine Stalker Warper)               Turns: 491, Time: 00:06:20

Health: 0/26       AC:  4    Str: 13    XL:     5   Next: 59%
Magic:  0/9        EV: 12    Int: 13    God:
Gold:   25         SH:  0    Dex: 15    Spells: 4 memorised, 0 levels left

rFire  . . .     SeeInvis .       - Unarmed
rCold  . . .     Clarity  .     a - +1 leather armour
rNeg   . . .     SustAt   .     (no shield)
rPois  .         Gourm    .     (no helmet)
rElec  .         Spirit   +     (no cloak)
rCorr  .         Warding  .     (no gloves)
rMut   .         Stasis   .     (no boots)
MR     .....                    (no amulet)
Stlth  +.........               (no ring)
                                (no ring)

@: not resistant to hostile enchantments, very unstealthy
A: fangs 2, regeneration 1, magic shield, antimagic bite, no device heal 3, rot
immunity
a: no special abilities


You were on level 5 of the Dungeon.
You were not hungry.

You visited 1 branch of the dungeon, and saw 5 of its levels.

You collected 25 gold pieces.

Inventory:

Missiles
 d - 5 tomahawks of dispersal (quivered)
Armour
 a - a +1 leather armour (worn)
Wands
 i - a wand of fire (0)
Scrolls
 c - a scroll of blinking
 h - a scroll of enchant weapon
Potions
 f - 2 potions of curing {unknown}
 g - a potion of degeneration {unknown}
 k - a potion of brilliance {unknown}
Books
 b - a book of Spatial Translocations

   Spells                             Type                      Level
   a - Apportation                    Translocation                1
   b - Blink                          Translocation                2
   c - Shroud of Golubria             Charms/Translocation         2
   d - Portal Projectile              Translocation                3
   e - Teleport Other                 Translocation                3
   f - Passage of Golubria            Translocation                4
Comestibles
 e - 2 bread rations


   Skills:
 + Level 2.0 Fighting
 - Level 0.8 Throwing
 - Level 0.7 Armour
 - Level 1.5 Dodging
 + Level 5.5 Unarmed Combat
 - Level 2.1 Spellcasting
 - Level 3.0 Translocations


You couldn't memorise any spells.
You knew the following spells:

 Your Spells              Type           Power        Failure   Level  Hunger
a - Apportation           Tloc           #.........   12%         1    ##.....
b - Blink                 Tloc           N/A          14%         2    ###....
c - Teleport Other        Tloc           #.......     28%         3    ####...
g - Shroud of Golubria    Chrm/Tloc      #.........   28%         2    ###....


Dungeon Overview and Level Annotations

Branches:
Dungeon (5/15)
 Temple: D:4-7

Altars:

Shops:
D:5 }

Annotations:
D:3 Charly's ghost, weakling VSWr; Robin


Innate Abilities, Weirdness & Mutations

You have extremely sharp teeth.
Your natural rate of healing is unusually fast.
When hurt, damage is shared between your health and your magic reserves.
Your bite disrupts and absorbs the magic of your enemies.
Potions and wands cannot restore your health.
You are immune to rotting.


Message History

You bite the orc priest, but do no damage.
The orc priest is moderately wounded.
The orc hits you with a flail.
* * * LOW HITPOINT WARNING * * *
Unknown command.
You hit the orc priest.
The orc priest is moderately wounded.
The orc priest misses you. The orc barely misses you.
Unknown command.
You hit the orc priest. You bite the orc priest. You drain its power.
You feel invigorated.
The orc priest is severely wounded.
The orc priest looks braver for a moment.
The orc closely misses you.
Unknown command.
You hit the orc priest. You bite the orc priest. You drain its power.
The orc priest is almost dead.
The orc priest mumbles some strange prayers to Beogh against you.
Something smites you!
You die...

#≈≈≈≈≈# ### #≈...≈# .?.
#..⌠..# .... #§..)§#
###### .....#§≈.§≈#
#..... .<)..###'# #.....
.......#(###### #.....
.......#).....### #.....
....{.o@o.......###†....
........†........##.....
.............∩..........
........##.#####......<.
.#####..#..# #..#.....
...##.## #..##..... ..##
#. #.#####... .. #. #.
#... .. #. #...


You could see an orc priest and an orc.

Vanquished Creatures
  A centaur (D:5)
  Natasha (D:3)
  An iguana (D:5)
  A worker ant (D:5)
  An ooze (D:2)
  An orc (D:5)
  A ball python (D:3)
  4 bats
  3 giant cockroaches
  2 goblins (D:1)
  4 hobgoblins
  3 giant newts
  4 kobolds
  A quokka skeleton (D:5)
  2 rats
30 creatures vanquished.

Notes
Turn   | Place    | Note
--------------------------------------------------------------
     0 | D:1      | Charly the Vine Stalker Warper began the quest for the Orb.
     0 | D:1      | Reached XP level 1. HP: 11/11 MP: 4/4
    46 | D:1      | Reached XP level 2. HP: 8/15 MP: 3/6
    50 | D:1      | Learned a level 2 spell: Blink
    53 | D:1      | Learned a level 2 spell: Shroud of Golubria
   225 | D:3      | Noticed Charly's ghost (weakling VSWr)
   235 | D:3      | Noticed Robin
   303 | D:3      | wFire
   305 | D:3      | Reached XP level 3. HP: 18/18 MP: 5/7
   379 | D:3      | Noticed Natasha
   384 | D:3      | Killed Natasha
   384 | D:3      | Reached skill level 4 in Unarmed Combat
   425 | D:5      | Entered Level 5 of the Dungeon
   436 | D:5      | Reached XP level 4. HP: 11/23 MP: 4/8
   450 | D:5      | Found Beerasche's Gadget Boutique.
   467 | D:5      | Noticed a centaur
   469 | D:5      | Killed a centaur
   469 | D:5      | Reached skill level 5 in Unarmed Combat
   469 | D:5      | Reached XP level 5. HP: 4/26 MP: 3/9
   476 | D:5      | Learned a level 3 spell: Teleport Other
   487 | D:5      | Noticed a sky beast
   491 | D:5      | Killed from afar by an orc priest

Action                   |  1- 3 |  4- 6 || total
-------------------------+-------+-------++-------
Melee: Unarmed           |    73 |    11 ||    84
 Cast: Shroud of Golubri |     1 |       ||     1
Evoke: Wand              |     2 |     4 ||     6
  Use: Scroll            |     4 |       ||     4
